 Dungeon Crawl Stone Soup version 0.21-a0-437-ge5bf024 (webtiles) character file.

116 Goblin1989 the Cutter (level 5, 0/27 HPs)
             Began as a Vine Stalker Berserker on Nov 9, 2017.
             Was a Believer of Trog.
             Succumbed to a kobold's poison
             ... on level 3 of the Dungeon.
             The game lasted 00:03:47 (2532 turns).

Goblin1989 the Cutter (Vine Stalker Berserker)      Turns: 2532, Time: 00:03:48

Health: 0/27       AC:  3    Str: 24 (25) XL:     5   Next: 1%
Magic:  6/6        EV: 12    Int:  5 (7)  God:    Trog [**....]
Gold:   114        SH:  0    Dex: 12 (14) Spells: 4/4 levels left

rFire    . . .     SeeInvis .   a - +0 short sword
rCold    . . .     Gourm    .   (no shield)
rNeg     . . .     Faith    .   f - +1 robe {MR+}
rPois    .         Spirit   +   (no helmet)
rElec    .         Reflect  .   (no cloak)
rCorr    .         Harm     .   (no gloves)
MR       +....     Rnd*Tele +   (no boots)
Stlth    +.........             r - amulet of magic regeneration
HPRegen  0.49/turn              t - ring of teleportation (curse)
MPRegen  0.35/turn              (no ring)

@: mighty, lethally poisoned (0 -> -1), very slightly contaminated, invisible
A: fangs 2, regeneration 1, magic shield, antimagic bite, no potion heal 3, rot
immunity
a: Berserk, Trog's Hand, Burn Spellbooks, Renounce Religion


You were on level 3 of the Dungeon.
You worshipped Trog.
Trog was pleased with you.
You were not hungry.

You visited 1 branch of the dungeon, and saw 3 of its levels.

You collected 114 gold pieces.

Inventory:

Hand Weapons
 a - a +0 short sword (weapon)
 w - a +0 blowgun {@w1}
Armour
 f - a +1 robe of magic resistance (worn)
Jewellery
 r - an amulet of magic regeneration (around neck)
 t - a cursed ring of teleportation (left hand)
Scrolls
 g - 2 scrolls of remove curse {unknown}
 j - 2 scrolls of teleportation {unknown}
 k - a scroll of amnesia {unknown}
 m - 2 scrolls of identify {unknown}
 q - a scroll of enchant armour {unknown}
Potions
 s - a potion of degeneration
Comestibles
 e - 4 bread rations {@e1}
 h - 3 fruits
 i - a meat ration {@e2}
 n - a royal jelly
 u - a chunk of flesh


   Skills:
 - Level 2.6 Fighting
 * Level 5.0 Short Blades
 - Level 1.5 Armour
 - Level 1.5 Dodging
 - Level 0.7 Stealth


You had 4 spell levels left.
You didn't know any spells.

Dungeon Overview and Level Annotations

Branches:
Dungeon (3/15)

Altars:


Innate Abilities, Weirdness & Mutations

You have extremely sharp teeth.
Your natural rate of healing is unusually fast.
When hurt, damage is shared between your health and your magic reserves.
Your bite disrupts and absorbs the magic of your enemies.
Potions cannot restore your health.
You are immune to rotting.


Message History

The kobold shoots a poisoned needle.
The poisoned needle hits you!
You are more poisoned.
You take 3 damage, and have 20/23 hp.
You feel sick.
The kobold shoots a poisoned needle.
The poisoned needle closely misses you.
You take 1 damage, and have 19/23 hp.
You hit the ooze but do no damage.
The ooze is almost dead.
You feel sick. The ooze barely misses you. The dart slug bites you.
The rat bites you.
The kobold shoots a poisoned needle.
The poisoned needle hits you!
You are more poisoned.
You take 4 damage, and have 15/23 hp.
You now have 4/5 mp.
You feel sick. The ooze hits you. The dart slug barely misses you.
You take 1 damage, and have 14/23 hp.
You now have 3/5 mp.
You feel sick. The ooze hits you but does no damage.
You take 2 damage, and have 12/23 hp.
You feel sick.
You feel sick.
You take 1 damage, and have 11/23 hp.
You hit the ooze but do no damage.
The ooze is almost dead.
You feel sick. The ooze hits you.
* * * LOW HITPOINT WARNING * * *
You take 2 damage, and have 9/23 hp.
You now have 3/5 mp.
You hit the ooze.
You kill the ooze!
Trog accepts your kill.
You feel sick.
You take 1 damage, and have 8/23 hp.
You hit the rat but do no damage. Your bite misses the rat.
You feel sick.
You hit the rat.
You kill the rat!
Trog accepts your kill.
You feel sick.
You take 1 damage, and have 7/23 hp.
You hit the dart slug.
The dart slug is heavily wounded.
You feel sick. The dart slug barely misses you.
You take 1 damage, and have 6/23 hp.
You hit the dart slug. You bite the dart slug. You drain its power.
You feel invigorated.
You kill the dart slug!
Trog accepts your kill.
The kobold shoots a poisoned needle.
The poisoned needle hits you!
You are lethally poisoned!
MP restored: 5 You hit the kobold.
You bite the kobold. You drain its power.
You kill the kobold!
Trog accepts your kill.
You have reached level 5!
You are suddenly yanked towards a nearby monster!
Your surroundings suddenly seem different.
* * * LOW HITPOINT WARNING * * *
You feel sick.
A bat comes into view.
You take 1 damage, and have 6/27 hp.
MP restored: 6 It was a potion of degeneration.
There was something very wrong with that liquid.
You feel weakened.
You feel dopey.
You feel clumsy.
* * * LOW HITPOINT WARNING * * *
You feel sick.
Unknown command.
It was a potion of invisibility.
You fade into invisibility!
* * * LOW HITPOINT WARNING * * *
You feel sick. The bat closely misses you.
You are very lightly contaminated with residual magic.
You take 1 damage, and have 5/27 hp.
Unknown command.
It was a potion of might.
You feel very mighty all of a sudden.
* * * LOW HITPOINT WARNING * * *
You feel sick. The bat hits you.
* * * LOW HITPOINT WARNING * * *
The bat barely misses you.
You take 1 damage, and have 4/27 hp.
* * * LOW HITPOINT WARNING * * *
You feel sick. The bat barely misses you.
You take 2 damage, and have 2/27 hp.
You hit the bat.
You kill the bat!
Trog accepts your kill.
Your Short Blades skill increases to level 5!
Unknown command.
* * * LOW HITPOINT WARNING * * *
You feel sick.
You see here a bat corpse.
You take 1 damage, and have 2/27 hp.
* * * LOW HITPOINT WARNING * * *
You feel sick.
A leopard gecko comes into view.
* * * LOW HITPOINT WARNING * * *
You feel sick.
You take 1 damage, and have 1/27 hp.
* * * LOW HITPOINT WARNING * * *
You feel sick.
A hobgoblin comes into view. It is wielding a club.
You die...

█ █.█
█.███▲███.█
███.........█
............█ █
███......†..███
..█
█.█████.....█
... █ █.....▲
...
g████.....██
...
.......@...█
.[.
.██████....█
... ...█.█ ...
.█..█.█ ...
█.█.██.█ ... █
.l. █ ███ █.█
..)


You could see a leopard gecko (sleeping) and a hobgoblin (wandering).

Vanquished Creatures
  An orc priest (D:3)
  2 adders (D:2)
  An ooze (D:3)
  3 dart slugs
  3 orcs (D:2)
  9 bats
  3 giant cockroaches
  6 goblins
  7 hobgoblins
  4 jackals (D:2)
  3 kobolds
  A quokka (D:2)
  3 frilled lizards
  7 rats
53 creatures vanquished.

Notes
Turn   | Place    | Note
-------+----------+-------------------------------------------
     0 | D:1      | Goblin1989 the Vine Stalker Berserker began the quest for the Orb.
     0 | D:1      | Reached XP level 1. HP: 11/11 MP: 2/2
    27 | D:1      | Reached skill level 3 in Short Blades
   186 | D:1      | Reached XP level 2. HP: 16/16 MP: 3/3
   866 | D:1      | Reached XP level 3. HP: 19/19 MP: 4/4
  1504 | D:2      | Reached ** piety under Trog
  1869 | D:2      | Reached skill level 4 in Short Blades
  2197 | D:2      | Gained mutation: Your natural rate of healing is unusually fast. [Vine Stalker growth]
  2197 | D:2      | Reached XP level 4. HP: 23/23 MP: 5/5
  2504 | D:3      | Found a faded altar of an unknown god.
  2522 | D:3      | Reached XP level 5. HP: 8/27 MP: 6/6
  2527 | D:3      | Reached skill level 5 in Short Blades
  2530 | D:3      | HP: 1/27 [poisoned by a kobold]
  2532 | D:3      | Succumbed to a kobold's poison

Vault maps used:
D:1:      doesnt_arrival_eight_statues
D:2:      first_bread
D:3:      chequers_ecumenical_altar_simple, grunt_ministairs_14,
          lemuel_blue_sif_altar, uniq_grinder, uniq_terence

Skill      XL: |  1  2  3  4  5 |
---------------+----------------+-----
Short Blades   | 3 4 5 |  5.0
Fighting       | |  2.6
Armour         | |  1.5
Dodging        | |  1.5
Stealth        | |  0.7

Action                   |  1- 3 |  4- 6 || total
-------------------------+-------+-------++-------
Melee: Short sword       |   122 |    35 ||   157
       Bite              |    28 |    12 ||    40
  Use: Potion            |       |     3 ||     3
 Stab: Sleeping          |     4 |     1 ||     5
  Eat: Chunk             |     4 |     1 ||     5
Armor: Animal skin       |     7 |       ||     7
       Robe              |    20 |     4 ||    24
Dodge: Dodged            |    78 |    29 ||   107

Table legend:
 A = Spawn XP
 B = Non-spawn XP
 C = Spawn XP percentage of total XP
 D = Spawn monster count
 E = Non-spawn monster count
 F = Spawn count percentage of total count
 G = Total turns spent on level
                    A         B        C        D         E        F      G
               +---------+---------+-------+---------+---------+-------+---------
         Total |       0 |     167 |   0.0 |       0 |      53 |   0.0 |  2532
               +---------+---------+-------+---------+---------+-------+---------
           D:1 |       0 |      34 |   0.0 |       0 |      21 |   0.0 |  1499
           D:2 |       0 |      76 |   0.0 |       0 |      26 |   0.0 |   977
           D:3 |       0 |      57 |   0.0 |       0 |       6 |   0.0 |    56
               +---------+---------+-------+---------+---------+-------+---------

Vault maps used:
D:1:      doesnt_arrival_eight_statues
D:2:      first_bread
D:3:      chequers_ecumenical_altar_simple, grunt_ministairs_14,
          lemuel_blue_sif_altar, uniq_grinder, uniq_terence
